 Dungeon Crawl Stone Soup version 0.28-a0-863-g8cecda6153 (webtiles) character file.

Game seed: 2453861313997679949

423 cheechan the Bolt Thrower (level 6, -8/37 HPs)
             Began as a Tengu Hunter on Nov 18, 2021.
             Mangled by a mummy (17 damage)
             ... in an ossuary.
             The game lasted 00:16:46 (2779 turns).

cheechan the Bolt Thrower (Tengu Hunter)            Turns: 2779, Time: 00:16:47

Health: -8/37      AC:  3    Str: 13    XL:     6   Next: 95%
Magic:  7/7        EV:  8    Int: 11    God:
Gold:   144        SH:  0    Dex: 16    Spells: 5/5 levels left

rFire   . . .      SeeInvis .   e - +4 short sword
rCold   . . .      Faith    .   (no shield)
rNeg    . . .      Spirit   .   c - +0 leather armour
rPois   .          Reflect  .   (helmet restricted)
rElec   .          Harm     .   (no cloak)
rCorr   .          Rampage  .   (no gloves)
Will    .....                   (boots unavailable)
Stlth   ++........              b - amulet of the acrobat
HPRegen 0.12/turn               (no ring)
MPRegen 0.10/turn               (no ring)

@: marked, on berserk cooldown, flying quickly and evasively, held, slowed, very
slow
A: beak, talons 3, nimble flight
a: no special abilities


You were in an ossuary.
You visited 1 branch of the dungeon, and saw 4 of its levels.
You also visited: Sewer and Ossuary.

You collected 144 gold pieces.

Inventory:

Hand Weapons
 a - a +2 hand crossbow
 e - a +4 short sword (weapon)
 i - a +0 short sword of speed
Missiles
 d - 3 bolts
 n - 21 poisoned darts (quivered)
Armour
 c - a +0 leather armour (worn)
Magical Staves
 l - a staff of air
Jewellery
 b - an amulet of the acrobat (around neck)
 g - a ring of flight
Scrolls
 m - a scroll of fog {unknown}
 r - 2 scrolls of blinking
Potions
 f - 2 potions of might
 h - 3 potions of haste
 j - 2 potions of invisibility {unknown}
 k - a potion of attraction {unknown}
 o - a potion of resistance {unknown}
 p - 2 potions of mutation
 s - a potion of magic {unknown}
 v - a potion of degeneration {unknown}


   Skills:
 + Level 3.0 Fighting
 + Level 2.6 Short Blades
 + Level 6.5 Crossbows
 + Level 2.3 Armour
 + Level 3.3 Dodging
 + Level 2.1 Stealth


You had 5 spell levels left.
You didn't know any spells.
Your spell library contained the following spells:

 Spells                   Type           Power      Damage    Failure   Level
 Malign Gateway           Summ/Tloc      0%         N/A       100%        7
 Summon Horrible Things   Summ           0%         N/A       100%        8


Dungeon Overview and Level Annotations

Branches:
Dungeon (4/15)              Sewer (visited)         Ossuary (1/1)
 Temple: D:4-7

Altars:
Cheibriados

Shops:
D:1 *   D:3 [

Annotations:
D:3 3 runed translucent doors, Blacky's ghost, amateur DrEE


Innate Abilities, Weirdness & Mutations

You have a beak for a mouth.
You have claws for feet.
Your magical nature lets you fly swiftly and evasively.


Message History

You feel yourself slow down.
You start resting.
A mummy comes into view.
Okay, then.
As you read the scroll of identify, it crumbles to dust.
p - 2 potions of mutation A mummy comes into view. x2
Blink to where?
Press: ? - help, Dir - move target
As you read the scroll labelled KELEPT QUOGG, it crumbles to dust.
It was a scroll of blinking.
As you read the scroll labelled GUROHI NITE, it crumbles to dust.
You feel strangely unstable.
It was a scroll of teleportation.
As you read the scroll labelled YKLOUS ZUEDUPEB, it crumbles to dust.
You assume a fearsome visage.
The mummy is unaffected. x3
It was a scroll of fear.
As you read the scroll labelled MUUNNO FOUJI, it crumbles to dust.
It is a scroll of amnesia.
You feel forgetful for a moment.
Your surroundings suddenly seem different.
Found six items.
Found a gate leading back out of this place.
j - a smoky red potion
r - 2 scrolls of blinking (gained 1)
r - 3 scrolls of blinking (gained 1)
You see here a scroll labelled TEHAOSUSEANT.
m - a scroll labelled TEHAOSUSEANT The mummy enters a dispersal trap!
The mummy blinks! x3; You blink.
The mummy blinks!
The mummy drops a net on you.
You avoid being caught in a net.
Blink to where?
Press: ? - help, Dir - move target
As you read the scroll of blinking, it crumbles to dust.
The mummy drops a net on you.
You become entangled in the net!
j - 2 smoky red potions (gained 1)
You struggle against the net.
The mummy pulls the alarm!
The alarm trap emits a blaring wail!
The mark upon you grows brighter.
You struggle against the net.
The mummy hits you!
You die...

########### # #######
##....##.#.#.#.#.#.#.#
##.................MM..
##......^...........M...
#∩......^^...^.^...^...^
##.......^....^..^...^^.
##....MM.^M^^.^......^.
##??!@##.#.#.#.#.#.#.#
#####################


You could see 3 mummies.

Vanquished Creatures
  Menkaure (D:4)
  3 centaur zombies (Ossuary)
  3 mummies (Ossuary)
  A howler monkey skeleton (D:4)
  6 adders
  3 river rats
  An adder skeleton (D:4)
  A worm (D:2)
  2 dart slugs (D:1)
  5 endoplasms
  7 giant cockroaches
  5 goblins
  6 hobgoblins
  3 jackals (D:2)
  6 kobolds
  2 quokkas
  6 ball pythons
  4 bats
  4 frilled lizards (Sewer)
  A goblin zombie (D:4)
  5 hobgoblin zombies (Ossuary)
  A quokka zombie (D:4)
  19 rats
95 creatures vanquished.

Notes
Turn   | Place    | Note
-------+----------+-------------------------------------------
     0 | D:1      | cheechan the Tengu Hunter began the quest for the Orb.
     0 | D:1      | Reached XP level 1. HP: 12/12 MP: 2/2
   130 | D:1      | Reached XP level 2. HP: 13/17 MP: 3/3
   455 | D:1      | Reached skill level 5 in Crossbows
   603 | D:1      | Reached XP level 3. HP: 15/21 MP: 4/4
   889 | D:1      | Found Cizxyc's General Store.
   976 | D:2      | Found a faded altar of an unknown god.
  1197 | D:2      | Found a snail-covered altar of Cheibriados.
  1241 | D:2      | Reached XP level 4. HP: 26/27 MP: 5/5
  1768 | D:3      | Found a runed translucent gate.
  1768 | D:3      | Found a runed translucent gate.
  1768 | D:3      | Found a runed translucent gate.
  1776 | D:3      | Noticed a kobold brigand
  1776 | D:3      | Noticed Blacky's ghost (amateur DrEE)
  1959 | D:3      | Reached skill level 6 in Crossbows
  2028 | D:3      | Found Kiawet's Armour Shoppe.
  2138 | D:4      | Reached skill level 1 in Armour
  2138 | D:4      | Gained mutation: Your magical nature lets you fly swiftly
                  | and evasively. [Tengu growth]
  2138 | D:4      | Reached XP level 5. HP: 29/31 MP: 6/6
  2206 | D:4      | Found a glowing drain.
  2234 | Sewer    | Entered a sewer
  2579 | D:4      | Noticed Menkaure
  2583 | D:4      | Killed Menkaure
  2584 | D:4      | Reached skill level 1 in Short Blades
  2584 | D:4      | Reached XP level 6. HP: 36/36 MP: 7/7
  2666 | D:4      | Found a sand-covered staircase.
  2691 | Ossuary  | Entered an ossuary
  2779 | Ossuary  | Mangled by a mummy

Illustrated notes

Levels and vault maps discovered:
D:1:      dpeg_arrival_prison, layout_loops_corners, serial_shops,
          nicolae_shop_hallway_stairs, chequers_big_river
D:2:      layout_rooms, basic_altar, basic_ecumenical_altar
D:3:      layout_rooms, serial_shops, shop, gammafunk_ghost_nasty_kobolds
D:4:      layout_basic, portal_sewer_entry_c, enter_ossuary_4, uniq_natasha,
          uniq_menkaure, uniq_duvessa, uniq_sigmund
Ossuary:  ossuary_the_hunt_dpeg

Skill      XL: |  1  2  3  4  5  6 |
---------------+-------------------+-----
Crossbows      | 5 6 |  6.5
Armour         | 1 2 |  2.3
Dodging        | 3 |  3.3
Short Blades   | 1 2 |  2.6
Fighting       | 3 |  3.0
Stealth        | 2 |  2.1

Action                   |  1- 3 |  4- 6 || total
-------------------------+-------+-------++-------
Melee: Hand crossbow     |     6 |     6 ||    12
       Peck              |     3 |    14 ||    17
       Kick              |     1 |    22 ||    23
       Short sword       |       |    76 ||    76
 Fire: Hand crossbow     |    63 |    58 ||   121
  Use: Scroll            |     5 |     6 ||    11
       Potion            |       |     1 ||     1
 Stab: Sleeping          |       |     3 ||     3
Armor: Leather armour    |     6 |    18 ||    24
Dodge: Dodged            |    28 |    99 ||   127

Table legend: (Time is in decaauts)
 A = Elapsed time spent in this place.
 B = Non-inter-level travel time spent in this place.
 C = Inter-level travel time spent in this place.
 D = Time resting spent in this place.
 E = Time spent auto-exploring this place.
 F = Levels seen in this place.
 G = Mean time per level.
                   A        B        C        D        E       F      G
               +--------+--------+--------+--------+--------+-----+--------+
         Total |   2778 |   2778 |      0 |      4 |      0 |   6 |  463.0 |
       Dungeon |   2404 |   2404 |      0 |      0 |      0 |   4 |  601.0 |
         Sewer |    280 |    280 |      0 |      0 |      0 |   1 |  280.0 |
       Ossuary |     93 |     93 |      0 |      4 |      0 |   1 |   93.0 |
               +--------+--------+--------+--------+--------+-----+--------+

Top non-repeatable levels by time:
     D:1: 987 daAuts
     D:2: 682 daAuts
     D:3: 496 daAuts
   Sewer: 280 daAuts
     D:4: 239 daAuts
 Ossuary: 93 daAuts
